 Dungeon Crawl Stone Soup version 0.27.0-1-g7a089689b8 (webtiles) character file.

Game seed: 8496986439254487801

648 Conn the Firebug (level 7, 0/37 HPs)
             Began as a Deep Elf Fire Elementalist on Aug 6, 2021.
             Slain by a troll (1 damage)
             ... on level 5 of the Dungeon.
             The game lasted 00:10:07 (4434 turns).

Conn the Firebug (Deep Elf Fire Elementalist)       Turns: 4434, Time: 00:10:07

Health: 0/37       AC:  5    Str:  5    XL:     7   Next: 27%
Magic:  8/17       EV: 13    Int: 22    God:
Gold:   121        SH:  5    Dex: 15    Spells: 6/17 levels left

rFire    . . .     SeeInvis .   b - +2 dagger (freeze)
rCold    . . .     Faith    .   (no shield)
rNeg     . . .     Spirit   .   a - +1 robe
rPois    .         Reflect  +   (no helmet)
rElec    .         Harm     .   (no cloak)
rCorr    .         Rampage  .   m - +1 pair of gloves
Will     .....                  (no boots)
Stlth    ++........             f - amulet of reflection
HPRegen  0.12/turn              j - +4 ring of slaying
MPRegen  0.15/turn              (no ring)

@: no status effects
A: no striking features
a: no special abilities


You were on level 5 of the Dungeon.
You visited 1 branch of the dungeon, and saw 5 of its levels.

You collected 121 gold pieces.

Inventory:

Hand Weapons
 b - a +2 dagger of freezing (weapon)
 e - a +0 dagger
Armour
 a - a +1 robe (worn)
 m - a +1 pair of gloves (worn)
Jewellery
 f - an amulet of reflection (around neck)
 j - a +4 ring of slaying (left hand)
Wands
 c - a wand of digging (3)
 g - a wand of flame (10)
Scrolls
 k - a scroll of teleportation {unknown}
 n - a scroll of identify
Potions
 d - a potion of heal wounds {unknown}
 h - a potion of ambrosia {unknown}
 i - a potion of might {unknown}
 l - a potion of curing
 o - a potion of attraction {unknown}


   Skills:
 + Level 0.6 Fighting
 + Level 3.1 Dodging
 + Level 3.2 Stealth
 + Level 1.4 Shields
 + Level 5.6 Spellcasting
 + Level 4.4 Conjurations
 + Level 5.9 Fire Magic


You had 6 spell levels left.
You knew the following spells:

 Your Spells              Type           Power      Damage    Failure   Level
a - Foxfire               Conj/Fire      100%       2x1d9     1%          1
b - Conjure Flame         Conj/Fire      29%        6-21      3%          3
c - Inner Flame           Hex/Fire       19%        N/A       9%          3
d - Sticky Flame          Conj/Fire      29%        2d5       11%         4

Your spell library contained the following spells:

 Spells                   Type           Power      Damage    Failure   Level
 Sting                    Tmut/Pois      24%        1d4       10%         1
 Poisonous Vapours        Pois/Air       12%        N/A       14%         2
 Fireball                 Conj/Fire      14%        3d8       30%         5
 Olgreb's Toxic Radiance  Pois           6%         N/A       67%         4


Dungeon Overview and Level Annotations

Branches:
Dungeon (5/15)
 Temple: D:4-7

Altars:


Message History

The foxfire hits the troll!
The troll is heavily wounded.
Casting: Foxfire (safe; 1% risk of failure)
Confirm with . or Enter, or press ? or * to list all spells.
You conjure some foxfire!
The foxfire hits the troll.
The troll is severely wounded.
Unknown command.
Casting: Foxfire (safe; 1% risk of failure)
Confirm with . or Enter, or press ? or * to list all spells.
You conjure some foxfire!
The foxfire hits the troll.
The troll is severely wounded.
The foxfire hits the troll.
The troll is severely wounded.
The foxfire hits the troll.
The troll is almost dead.
You barely miss the troll.
The troll is severely wounded.
The foxfire hits the troll but does no damage.
The troll is severely wounded.
The foxfire hits the troll.
The troll is almost dead.
The troll bites you! You block the troll's attack. The troll claws you!
Your magical contamination has completely faded away.
Casting: Foxfire (safe; 1% risk of failure)
Confirm with . or Enter, or press ? or * to list all spells.
The spell is quite dangerous to cast (11% risk of failure)!
Continue anyway?
Aiming: Sticky Flame (quite dangerous; 11% risk of failure)
Press: ? - help, Shift-Dir - straight line, f - troll
Aim: a troll (heavily wounded, 100% to hit)
The sticky flame hits the troll.
The troll is heavily wounded.
The troll is covered in liquid flames!
The troll burns!
The troll bites you!
* * * LOW HITPOINT WARNING * * *
The troll claws you but does no damage. The troll claws you.
* * * LOW HITPOINT WARNING * * *
The troll burns!
The troll burns!
The troll barely misses you. The troll claws you.
* * * LOW HITPOINT WARNING * * *
The troll claws you.
You die...

...........# #.........#
#........# #.......#
#......## #.......####
##..........###
#..............
##...###@....... ##...##
#T.....##
###...#####......#
######.....###..........
......<.....#...........
.................###....
................## ....
................# ...
....####....†..## ..


You could see a troll (burning).

Vanquished Creatures
  2 ogres
  3 jellies (D:4)
  3 hounds
  2 orc priests (D:3)
  A bullfrog skeleton (D:5)
  An orc wizard (D:3)
  A hound zombie (D:5)
  2 hound skeletons (D:4)
  A howler monkey zombie (D:5)
  Robin (D:2)
  3 adders
  An adder zombie (D:4)
  3 worms
  2 dart slugs (D:2)
  5 orcs (D:3)
  6 bats
  10 endoplasms
  4 giant cockroaches
  12 goblins
  5 hobgoblins
  4 jackals (D:4)
  A ball python (D:2)
  13 kobolds
  3 rats
89 creatures vanquished.

Vanquished Creatures (collateral kills)
  3 foxfires
3 creatures vanquished.

Vanquished Creatures (others)
  360 foxfires
  2 fungi (D:4)
  2 plants (D:2)
  8 toadstools (D:4)
372 creatures vanquished.

Grand Total: 464 creatures vanquished

Notes
Turn   | Place    | Note
-------+----------+-------------------------------------------
     0 | D:1      | Conn the Deep Elf Fire Elementalist began the quest for the
                  | Orb.
     0 | D:1      | Reached XP level 1. HP: 10/10 MP: 6/6
   943 | D:2      | Reached XP level 2. HP: 15/15 MP: 5/8
  1679 | D:2      | Found a faded altar of an unknown god.
  1876 | D:3      | Reached XP level 3. HP: 19/19 MP: 5/10
  2171 | D:3      | Noticed Robin
  2215 | D:2      | Killed Robin
  2542 | D:2      | Learned a level 3 spell: Conjure Flame
  2546 | D:2      | Learned a level 3 spell: Inner Flame
  2606 | D:3      | Reached XP level 4. HP: 24/24 MP: 7/12
  2841 | D:3      | Reached XP level 5. HP: 28/28 MP: 7/13
  3152 | D:3      | Noticed an ogre
  3156 | D:3      | Killed an ogre
  3157 | D:3      | Reached skill level 1 in Shields
  3295 | D:4      | Noticed an ogre
  3300 | D:4      | Killed an ogre
  3301 | D:4      | Reached skill level 5 in Spellcasting
  3301 | D:4      | Reached skill level 5 in Fire Magic
  3301 | D:4      | Reached XP level 6. HP: 33/33 MP: 9/15
  3357 | D:4      | Learned a level 4 spell: Sticky Flame
  3957 | D:4      | Reached XP level 7. HP: 37/37 MP: 11/17
  4195 | D:5      | Entered Level 5 of the Dungeon
  4411 | D:5      | Noticed a troll
  4434 | D:5      | HP: 1/37 [troll (3)]
  4434 | D:5      | Slain by a troll

Illustrated notes

Levels and vault maps discovered:
D:1:      lightli_iron_boxes, layout_loops_ring
D:2:      layout_basic, chequers_ecumenical_altar_lobes
D:3:      layout_rooms, uniq_robin
D:4:      cheibrodos_fertilizer, layout_rooms
D:5:      layout_layer_cave, minmay_temple_entry_mist

Skill      XL: |  1  2  3  4  5  6 |
---------------+-------------------+-----
Conjurations   | 2 3 4 |  4.4
Dodging        | 3 |  3.1
Spellcasting   | 4 5 |  5.6
Fire Magic     | 4 5 |  5.9
Shields        | 1 |  1.4
Stealth        | 3 |  3.2
Fighting       | |  0.6

Action                   |  1- 3 |  4- 6 |  7- 9 || total
-------------------------+-------+-------+-------++-------
Melee: Unarmed           |     5 |       |       ||     5
       Dagger            |     2 |     5 |     2 ||     9
 Cast: Foxfire           |    82 |   104 |    25 ||   211
       Inner Flame       |       |     1 |       ||     1
       Sticky Flame      |       |       |     1 ||     1
  Use: Scroll            |     3 |     1 |       ||     4
Armor: Robe              |     6 |     5 |     1 ||    12
Dodge: Dodged            |    27 |     7 |     1 ||    35
Block: Other             |     6 |     3 |     1 ||    10
       Reflection        |     1 |       |       ||     1
